Kings vs Ducks

Created - 9 octobre 2017 at 15:59

Goals
1 2 3 OT1 T
Kings 0 1 0 0 1
Ducks 0 1 0 1 2
Shots
1 2 3 OT1 T
Kings 11 15 2 0 28
Ducks 13 9 14 1 37

1st period

No Goal

Penalties :
Jason Zucker (LAK) for High sticking (Minor) at 0:46, Ryan Kesler (LAK) for Charging (Minor) at 5:42, Jonathan Ericsson (ANA) for Hooking (Minor) at 16:08

2nd period

1. Ducks , Patrik Laine 1 (David Krejci 1, Rasmus Ristolainen 1) at 7:47
2. Kings , Ryan Reaves 1 (Brian Dumoulin 1, Ryan Miller) at 13:35

Penalties :
Patrick Maroon (LAK) for Roughing (Minor) at 8:59, Deryk Engelland (ANA) for Roughing (Minor) at 17:26

3rd period

No Goal

Penalties :
Danny DeKeyser (LAK) for Tripping (Minor) at 14:15

Overtime #1

3. Ducks , Jordan Staal 1 (David Krejci 2) at 0:08

Penalties :
No Penalty

Goalie Stats

Ryan Miller (LAK), 35 saves from 37 shots - (0,946), OTL, 0-0-1, 60:08 minutes
Cam Ward (ANA), 27 saves from 28 shots - (0,964), W, 1-0-0, 60:08 minutes

Players Stats for Kings

Player Name              G  A  P  +/- PIM S  H  SB GA TA FO     MP     PP MP  PK MP  
------------------------------------------------------------------------------------
Alex Ovechkin            0  0  0  -1  0   6  1  0  0  1  1/1    20:12   2:27   0:40 
Alexander Edler          0  0  0  -1  0   1  2  1  0  0  0/0    24:48   1:32   3:01 
Artem Anisimov           0  0  0   0  0   2  1  0  1  0  6/13   14:10   1:30   0:05 
Brian Dumoulin           0  1  1   1  0   0  1  1  0  2  0/0    13:39   0:00   0:40 
Cam Fowler               0  0  0   0  0   1  2  2  0  1  0/0    26:25   2:26   3:45 
Danny DeKeyser           0  0  0  -1  2   1  2  2  0  2  0/0    18:38   0:00   3:31 
Jason Zucker             0  0  0   0  2   0  0  1  0  0  0/0    14:10   1:30   0:00 
Justin Schultz           0  0  0   1  0   0  2  1  0  0  0/0    15:03   2:26   0:00 
Martin Hanzal            0  0  0   0  0   7  3  0  1  0  10/16  16:27   0:00   4:32 
Mathieu Perreault        0  0  0   0  0   2  2  0  0  0  0/3    15:23   2:27   0:00 
Michael Del Zotto        0  0  0  -1  0   1  0  1  1  3  0/0    21:43   1:32   4:55 
Nikita Soshnikov         0  0  0   0  0   0  3  1  0  0  0/0    10:46   0:01   4:22 
Oliver Bjorkstrand       0  0  0   0  0   4  0  0  0  0  0/0    12:14   0:01   0:00 
Patrick Maroon           0  0  0   0  2   0  1  0  0  0  1/1    13:18   0:01   0:34 
Ryan Kesler              0  0  0  -1  2   2  2  2  0  0  7/24   19:29   2:27   0:00 
Ryan Reaves              1  0  1   0  0   1  1  0  0  0  0/0     8:42   0:00   2:44 
Thomas Vanek             0  0  0   0  0   0  2  0  0  0  1/3    18:24   1:30   0:00 
William Karlsson         0  0  0   0  0   0  0  1  1  0  1/3     8:53   0:00   2:55 

Players Stats for Ducks

Player Name              G  A  P  +/- PIM S  H  SB GA TA FO     MP     PP MP  PK MP  
------------------------------------------------------------------------------------
Cody McLeod              0  0  0  -1  0   0  1  1  0  0  0/1     9:46   0:02   0:47 
Connor Carrick           0  0  0   0  0   0  1  0  0  0  0/0    12:28   0:00   0:41 
Craig Smith              0  0  0   0  0   1  2  0  1  0  0/1    11:39   0:00   0:52 
David Krejci             0  2  2   2  0   2  1  0  0  0  17/27  19:39   3:13   0:00 
Deryk Engelland          0  0  0  -1  2   0  3  0  0  0  0/0    19:05   3:06   0:06 
Jack Johnson             0  0  0   1  0   1  2  1  0  2  0/0    28:01   4:50   2:58 
Jean-Gabriel Pageau      0  0  0   0  0   2  1  0  1  1  3/4    18:03   3:13   2:16 
Jonathan Ericsson        0  0  0   0  2   0  3  0  0  0  0/0    11:46   0:00   0:00 
Jordan Staal             1  0  1   1  0   2  0  0  2  0  12/19  17:20   4:41   0:00 
Milan Lucic              0  0  0   1  0   2  1  0  1  0  1/2    20:48   4:41   0:00 
Nick Leddy               0  0  0   0  0   7  0  1  0  0  0/0    20:20   3:06   1:00 
Patrik Laine             1  0  1   1  0   12 0  1  3  0  0/1    21:20   4:41   0:00 
Phillip Danault          0  0  0   0  0   1  0  0  0  1  1/1    13:36   0:02   0:53 
Rasmus Ristolainen       0  1  1   1  0   2  1  1  0  0  0/0    28:45   4:50   3:11 
Riley Nash               0  0  0   0  0   0  1  0  0  0  1/4    10:48   0:02   0:00 
Tom Wilson               0  0  0   0  0   1  2  0  0  0  0/1    15:43   3:13   2:15 
Tommy Wingels            0  0  0  -1  0   1  0  0  0  0  1/1     9:05   0:00   0:53 
Trevor Lewis             0  0  0  -1  0   3  0  0  1  0  1/2     8:12   0:00   0:00 

3 Stars

1 - Cam Ward (ANA)
2 - David Krejci (ANA)
3 - Ryan Miller (LAK)

Power Play

Kings - 0 on 2 Attempt(s) - 0,00%
Ducks - 0 on 4 Attempt(s) - 0,00%

Penalty Kill

Kings - 4 on 4 Attempt(s) - 100,00% - Score 0 goal in Penalty Kill
Ducks - 2 on 2 Attempt(s) - 100,00% - Score 0 goal in Penalty Kill

Team Stat

Kings - Hits : 25 - Faceoff Wins : 27 - Blocked Shots : 13 - Penalty Minutes : 8
Ducks - Hits : 19 - Faceoff Wins : 37 - Blocked Shots : 5 - Penalty Minutes : 4

Official

Referees : Dan O'Rourke and Dave Lewis
Linesman : Tim Nowak and Ryan Galloway

Game Notes

No Game Note

Finance

Level 1 -- Attendance: 5950 (99,17%) -- Ticket Income 595 000 $
Level 2 -- Attendance: 4553 (91,06%) -- Ticket Income 273 180 $
Level 3 -- Attendance: 2000 (100,00%) -- Ticket Income 70 000 $
Level 4 -- Attendance: 3939 (98,48%) -- Ticket Income 78 780 $
Luxury Box -- Attendance: 807 (80,70%) -- Ticket Income 161 400 $
Game was played at the The Pound.
Total Attendance: 17249 (95,83%)
Total Ticket Income: 1 178 360 $
Other Income: 577 396 $
Total Income: 1 755 756 $

Kings

5 vs 5 Forward 
   Center                   Left Wing                Right Wing               Time % Phy DF OF 
 1 Ryan Kesler              Alex Ovechkin            Thomas Vanek             37     0   1  4  
 2 Artem Anisimov           Jason Zucker             Mathieu Perreault        31     0   2  3  
 3 Martin Hanzal            Patrick Maroon           Oliver Bjorkstrand       27     0   3  2  
 4 William Karlsson         Nikita Soshnikov         Ryan Reaves              5      1   3  1  

5 vs 5 Defense 
   Defense                  Defense                                           Time % Phy DF OF 
 1 Cam Fowler               Alexander Edler                                   40     1   2  2  
 2 Danny DeKeyser           Michael Del Zotto                                 35     1   2  2  
 3 Justin Schultz           Brian Dumoulin                                    25     1   2  2  
 4 Alexander Edler          Cam Fowler                                        0      1   2  2  

PowerPlay Forward 
   Center                   Left Wing                Right Wing               Time % Phy DF OF 
 1 Ryan Kesler              Alex Ovechkin            Mathieu Perreault        65     0   1  4  
 2 Artem Anisimov           Jason Zucker             Thomas Vanek             35     0   1  4  

PowerPlay Defense
   Defense                  Defense                                           Time % Phy DF OF 
 1 Cam Fowler               Justin Schultz                                    60     0   1  4  
 2 Alexander Edler          Michael Del Zotto                                 40     0   1  4  

Penalty Kill 4 Players Forward 
   Center                   Wing                     Time % Phy DF OF 
 1 Martin Hanzal            Nikita Soshnikov         60     1   4  0  
 2 William Karlsson         Ryan Reaves              40     1   4  0  

Penalty Kill 4 Players Defense
   Defense                  Defense                  Time % Phy DF OF 
 1 Danny DeKeyser           Michael Del Zotto        60     1   4  0  
 2 Alexander Edler          Cam Fowler               40     1   4  0  

Penalty Kill - 3 Players Forward 
   Forward                                           Time % Phy DF OF 
 1 Ryan Kesler                                       60     1   4  0  
 2 Martin Hanzal                                     40     1   4  0  

Penalty Kill - 3 Players Defense
   Defense                  Defense                  Time % Phy DF OF 
 1 Cam Fowler               Alexander Edler          60     1   4  0  
 2 Danny DeKeyser           Brian Dumoulin           40     1   4  0  

4 vs 4 Forward 
   Center                   Wing                     Time % Phy DF OF 
 1 Ryan Kesler              Alex Ovechkin            60     0   2  3  
 2 Artem Anisimov           Jason Zucker             40     1   2  2  

4 vs 4 Defense
   Defense                  Defense                  Time % Phy DF OF 
 1 Cam Fowler               Justin Schultz           60     0   2  3  
 2 Alexander Edler          Michael Del Zotto        40     1   2  2  

Last Minutes Offensive
   Center                   Left Wing                Right Wing               Defense                  Defense                  
   Ryan Kesler              Alex Ovechkin            Thomas Vanek             Cam Fowler               Justin Schultz           

Last Minutes Defensive
   Center                   Left Wing                Right Wing               Defense                  Defense                  
   Ryan Kesler              Martin Hanzal            William Karlsson         Cam Fowler               Alexander Edler          

Goaltenders
Starting : Ryan Miller              
Backup : Semyon Varlamov          

Extra Forwards
Normal : Mathieu Perreault, Nikita Soshnikov, Patrick Maroon - PP : Mathieu Perreault, Patrick Maroon - PK : Ryan Reaves
Extra Defensemen
Normal : Danny DeKeyser, Brian Dumoulin, Cam Fowler - PP : Danny DeKeyser - PK : Cam Fowler, Brian Dumoulin
Penalty Shots
Thomas Vanek, William Karlsson, Alex Ovechkin, Artem Anisimov, Nikita Soshnikov
Custom OT Lines Forwards
Alex Ovechkin, Ryan Kesler, Artem Anisimov, Martin Hanzal, Thomas Vanek, Jason Zucker, Mathieu Perreault, Patrick Maroon, Oliver Bjorkstrand, William Karlsson
Custom OT Lines Defensemen
Alexander Edler, Cam Fowler, Brian Dumoulin, Michael Del Zotto, Danny DeKeyser

Scratches
Troy Stecher (Healthy)

Ducks

5 vs 5 Forward 
   Center                   Left Wing                Right Wing               Time % Phy DF OF 
 1 David Krejci             Milan Lucic              Patrik Laine             40     1   2  2  
 2 Jordan Staal             Phillip Danault          Jean-Gabriel Pageau      30     1   2  2  
 3 Riley Nash               Craig Smith              Tom Wilson               20     1   2  2  
 4 Trevor Lewis             Tommy Wingels            Cody McLeod              10     1   2  2  

5 vs 5 Defense 
   Defense                  Defense                                           Time % Phy DF OF 
 1 Rasmus Ristolainen       Jack Johnson                                      40     1   2  2  
 2 Nick Leddy               Deryk Engelland                                   30     1   2  2  
 3 Jonathan Ericsson        Connor Carrick                                    20     1   2  2  
 4 Rasmus Ristolainen       Jack Johnson                                      10     1   2  2  

PowerPlay Forward 
   Center                   Left Wing                Right Wing               Time % Phy DF OF 
 1 Jordan Staal             Milan Lucic              Patrik Laine             60     1   2  2  
 2 David Krejci             Jean-Gabriel Pageau      Tom Wilson               40     1   2  2  

PowerPlay Defense
   Defense                  Defense                                           Time % Phy DF OF 
 1 Rasmus Ristolainen       Jack Johnson                                      60     1   2  2  
 2 Nick Leddy               Deryk Engelland                                   40     1   2  2  

Penalty Kill 4 Players Forward 
   Center                   Wing                     Time % Phy DF OF 
 1 Jean-Gabriel Pageau      Tom Wilson               60     1   2  2  
 2 Phillip Danault          Tommy Wingels            40     1   2  2  

Penalty Kill 4 Players Defense
   Defense                  Defense                  Time % Phy DF OF 
 1 Rasmus Ristolainen       Jack Johnson             60     1   2  2  
 2 Nick Leddy               Deryk Engelland          40     1   2  2  

Penalty Kill - 3 Players Forward 
   Forward                                           Time % Phy DF OF 
 1 Jean-Gabriel Pageau                               60     1   2  2  
 2 Phillip Danault                                   40     1   2  2  

Penalty Kill - 3 Players Defense
   Defense                  Defense                  Time % Phy DF OF 
 1 Rasmus Ristolainen       Jack Johnson             60     1   2  2  
 2 Nick Leddy               Deryk Engelland          40     1   2  2  

4 vs 4 Forward 
   Center                   Wing                     Time % Phy DF OF 
 1 Jordan Staal             David Krejci             60     1   2  2  
 2 Milan Lucic              Patrik Laine             40     1   2  2  

4 vs 4 Defense
   Defense                  Defense                  Time % Phy DF OF 
 1 Rasmus Ristolainen       Jack Johnson             60     1   2  2  
 2 Nick Leddy               Deryk Engelland          40     1   2  2  

Last Minutes Offensive
   Center                   Left Wing                Right Wing               Defense                  Defense                  
   Jordan Staal             Milan Lucic              Patrik Laine             Rasmus Ristolainen       Jack Johnson             

Last Minutes Defensive
   Center                   Left Wing                Right Wing               Defense                  Defense                  
   Jordan Staal             Milan Lucic              Patrik Laine             Rasmus Ristolainen       Jack Johnson             

Goaltenders
Starting : Cam Ward                 
Backup : Jacob Markstrom          

Extra Forwards
Normal : Phillip Danault, Riley Nash, Craig Smith - PP : Phillip Danault, Riley Nash - PK : Craig Smith
Extra Defensemen
Normal : Jonathan Ericsson, Connor Carrick, Nick Leddy - PP : Jonathan Ericsson - PK : Connor Carrick, Nick Leddy
Penalty Shots
Jordan Staal, David Krejci, Milan Lucic, Patrik Laine, Jean-Gabriel Pageau
Custom OT Lines Forwards
Jordan Staal, David Krejci, Milan Lucic, Patrik Laine, Jean-Gabriel Pageau, Phillip Danault, Tom Wilson, Riley Nash, Craig Smith, Trevor Lewis
Custom OT Lines Defensemen
Rasmus Ristolainen, Jack Johnson, Nick Leddy, Deryk Engelland, Jonathan Ericsson

Scratches
Andreas Englund (Healthy), Jordin Tootoo (Healthy)

% Time on Ice - Kings

Lines # - Real PCT - Wanted PCT - Time Play
Normal Forward
1 - 37% - 37% - 17:51
2 - 26% - 31% - 12:35
3 - 25% - 27% - 11:55
4 - 12% - 5% - 5:45
Normal Defense
1 - 42% - 40% - 20:22
2 - 32% - 35% - 15:14
3 - 26% - 25% - 12:30
4 - 0% - 0% - 0:00
PP Forward
1 - 62% - 65% - 2:28
2 - 38% - 35% - 1:30
PP Defense
1 - 61% - 60% - 2:26
2 - 39% - 40% - 1:32
PK Forward
1 - 72% - 60% - 5:42
2 - 28% - 40% - 2:14
PK Defense
1 - 62% - 60% - 4:55
2 - 38% - 40% - 3:01
PK3 Forward
1 - 0% - 60%
2 - 0% - 40%
PK3 Defense
1 - 0% - 60%
2 - 0% - 40%
44 Forward
1 - 0% - 60%
2 - 0% - 40%
44 Defense
1 - 0% - 60%
2 - 0% - 40%
Last Minute Offensive  - 0:00
Last Minute Defensive  - 0:00
Total
Forward - 60:00
Defense - 60:00

% Time on Ice - Ducks

Lines # - Real PCT - Wanted PCT - Time Play
Normal Forward
1 - 34% - 40% - 16:35
2 - 27% - 30% - 13:06
3 - 21% - 20% - 10:13
4 - 17% - 10% - 8:12
Normal Defense
1 - 37% - 40% - 17:56
2 - 33% - 30% - 16:06
3 - 24% - 20% - 11:47
4 - 5% - 10% - 2:17
PP Forward
1 - 59% - 60% - 4:43
2 - 41% - 40% - 3:13
PP Defense
1 - 61% - 60% - 4:50
2 - 39% - 40% - 3:06
PK Forward
1 - 78% - 60% - 3:05
2 - 22% - 40% - 0:53
PK Defense
1 - 75% - 60% - 2:58
2 - 25% - 40% - 1:00
PK3 Forward
1 - 0% - 60%
2 - 0% - 40%
PK3 Defense
1 - 0% - 60%
2 - 0% - 40%
44 Forward
1 - 0% - 60%
2 - 0% - 40%
44 Defense
1 - 0% - 60%
2 - 0% - 40%
Last Minute Offensive  - 0:00
Last Minute Defensive  - 0:00
Total
Forward - 60:00
Defense - 60:00

Play by Play

1st period


0:01 of 1st period - David Krejci wins face-off versus Ryan Kesler in neutral zone.
0:10 of 1st period - Milan Lucic is hit by Alex Ovechkin and loses puck.
0:27 of 1st period - Cam Fowler is hit by Tom Wilson and loses puck.
0:46 of 1st period - Minor Penalty to Jason Zucker for High sticking.
0:47 of 1st period - Jordan Staal wins face-off versus Martin Hanzal in Kings zone.
1:24 of 1st period - Snap shot by Jean-Gabriel Pageau.
1:24 of 1st period - Stopped by Ryan Miller without a rebound.
1:25 of 1st period - Martin Hanzal wins face-off versus Milan Lucic in Kings zone.
1:36 of 1st period - Slapshot by Patrik Laine.
1:36 of 1st period - Shot Blocked by William Karlsson.
1:38 of 1st period - Slapshot by Deryk Engelland.
1:38 of 1st period - Shot Misses the Net.
1:40 of 1st period - Snap shot by Jordan Staal.
1:40 of 1st period - Stopped by Ryan Miller with a rebound.
1:55 of 1st period - Off-side.
1:56 of 1st period - Martin Hanzal wins face-off versus Jordan Staal in neutral zone.
2:05 of 1st period - Off-side.
2:06 of 1st period - Martin Hanzal wins face-off versus Jordan Staal in neutral zone.
2:09 of 1st period - Snap shot by Martin Hanzal.
2:09 of 1st period - Stopped by Cam Ward with a rebound.
2:27 of 1st period - Snap shot by Patrik Laine.
2:27 of 1st period - Stopped by Ryan Miller without a rebound.
2:28 of 1st period - David Krejci wins face-off versus William Karlsson in Kings zone.
2:46 of 1st period - Penalty to Jason Zucker is over, Jason Zucker is back on ice.
2:55 of 1st period - Snap shot by Martin Hanzal.
2:55 of 1st period - Shot Blocked by Nick Leddy.
2:59 of 1st period - Slapshot by Martin Hanzal.
2:59 of 1st period - Shot Misses the Net.
3:01 of 1st period - Slapshot by Alexander Edler.
3:01 of 1st period - Stopped by Cam Ward without a rebound.
3:02 of 1st period - David Krejci wins face-off versus Ryan Kesler in Ducks zone.
3:07 of 1st period - Wrist shot by Alex Ovechkin.
3:07 of 1st period - Deflect By Jack Johnson.
3:07 of 1st period - Stopped by Cam Ward without a rebound.
3:08 of 1st period - Ryan Kesler wins face-off versus David Krejci in Ducks zone.
3:19 of 1st period - Wrist shot by Alex Ovechkin.
3:19 of 1st period - Stopped by Cam Ward without a rebound.
3:20 of 1st period - Martin Hanzal wins face-off versus Jordan Staal in Ducks zone.
3:33 of 1st period - Wrist shot by Oliver Bjorkstrand.
3:33 of 1st period - Deflect By Martin Hanzal.
3:33 of 1st period - Stopped by Cam Ward without a rebound.
3:34 of 1st period - Artem Anisimov wins face-off versus David Krejci in Ducks zone.
3:35 of 1st period - Slapshot by Mathieu Perreault.
3:35 of 1st period - Stopped by Cam Ward with a rebound.
4:09 of 1st period - Snap shot by Ryan Kesler.
4:09 of 1st period - Stopped by Cam Ward with a rebound.
4:11 of 1st period - Slapshot by Danny DeKeyser.
4:11 of 1st period - Stopped by Cam Ward with a rebound.
5:12 of 1st period - Wrist shot by Artem Anisimov.
5:12 of 1st period - Stopped by Cam Ward with a rebound.
5:14 of 1st period - Snap shot by Cam Fowler.
5:14 of 1st period - Stopped by Cam Ward with a rebound.
5:42 of 1st period - Minor Penalty to Ryan Kesler for Charging.
5:43 of 1st period - Jordan Staal wins face-off versus Martin Hanzal in Kings zone.
5:52 of 1st period - Wrist shot by Patrik Laine.
5:52 of 1st period - Stopped by Ryan Miller without a rebound.
5:53 of 1st period - Martin Hanzal wins face-off versus Jordan Staal in Kings zone.
7:42 of 1st period - Penalty to Ryan Kesler is over, Ryan Kesler is back on ice.
7:49 of 1st period - Nick Leddy is hit by Ryan Kesler and loses puck.
8:06 of 1st period - Trevor Lewis is hit by Ryan Kesler and loses puck.
8:17 of 1st period - Snap shot by Trevor Lewis.
8:17 of 1st period - Shot Misses the Net.
8:19 of 1st period - Slapshot by Deryk Engelland.
8:19 of 1st period - Shot Blocked by Jason Zucker.
8:21 of 1st period - Wrist shot by Deryk Engelland.
8:21 of 1st period - Shot Blocked by Justin Schultz.
8:23 of 1st period - Wrist shot by Tommy Wingels.
8:23 of 1st period - Shot Misses the Net.
8:31 of 1st period - Jason Zucker is hit by Deryk Engelland.
8:49 of 1st period - Wrist shot by Nick Leddy.
8:49 of 1st period - Stopped by Ryan Miller with a rebound.
8:51 of 1st period - Snap shot by Nick Leddy.
8:51 of 1st period - Deflect By Trevor Lewis.
8:51 of 1st period - Stopped by Ryan Miller without a rebound.
8:52 of 1st period - David Krejci wins face-off versus Martin Hanzal in Kings zone.
9:03 of 1st period - Snap shot by Patrik Laine.
9:03 of 1st period - Shot Misses the Net.
9:05 of 1st period - Slapshot by David Krejci.
9:05 of 1st period - Stopped by Ryan Miller without a rebound.
9:06 of 1st period - Ryan Kesler wins face-off versus David Krejci in Kings zone.
9:23 of 1st period - Wrist shot by Patrik Laine.
9:23 of 1st period - Stopped by Ryan Miller with a rebound.
9:42 of 1st period - Alexander Edler is hit by Jonathan Ericsson and loses puck.
11:44 of 1st period - Justin Schultz is hit by Jonathan Ericsson and loses puck.
12:45 of 1st period - Brian Dumoulin is hit by Riley Nash and loses puck.
12:56 of 1st period - Snap shot by Jason Zucker.
12:56 of 1st period - Shot Misses the Net.
13:18 of 1st period - Slapshot by Patrik Laine.
13:18 of 1st period - Stopped by Ryan Miller without a rebound.
13:19 of 1st period - Thomas Vanek wins face-off versus David Krejci in Kings zone.
13:24 of 1st period - Backhand shot by Patrik Laine.
13:24 of 1st period - Stopped by Ryan Miller with a rebound.
13:26 of 1st period - Backhand shot by David Krejci.
13:26 of 1st period - Shot Blocked by Alexander Edler.
13:28 of 1st period - Slapshot by David Krejci.
13:28 of 1st period - Shot Blocked by Ryan Kesler.
13:30 of 1st period - Snap shot by Patrik Laine.
13:30 of 1st period - Stopped by Ryan Miller with a rebound.
14:40 of 1st period - Michael Del Zotto is hit by Craig Smith and loses puck.
15:07 of 1st period - Snap shot by Alex Ovechkin.
15:07 of 1st period - Stopped by Cam Ward with a rebound.
15:12 of 1st period - Off-side.
15:13 of 1st period - Milan Lucic wins face-off versus Martin Hanzal in neutral zone.
15:27 of 1st period - Off-side.
15:28 of 1st period - Jordan Staal wins face-off versus Artem Anisimov in neutral zone.
16:08 of 1st period - Minor Penalty to Jonathan Ericsson for Hooking.
16:09 of 1st period - Ryan Kesler wins face-off versus Jean-Gabriel Pageau in Ducks zone.
16:10 of 1st period - Wrist shot by Alex Ovechkin.
16:10 of 1st period - Shot Blocked by Jack Johnson.
16:26 of 1st period - Wrist shot by Alex Ovechkin.
16:26 of 1st period - Deflect By Ryan Kesler.
16:26 of 1st period - Shot Misses the Net.
16:26 of 1st period - Puck is out of play.
16:27 of 1st period - Jean-Gabriel Pageau wins face-off versus Ryan Kesler in Ducks zone.
16:34 of 1st period - Slapshot by Tom Wilson.
16:34 of 1st period - Deflect By Jean-Gabriel Pageau.
16:34 of 1st period - Stopped by Ryan Miller with a rebound.
16:36 of 1st period - Snap shot by Jean-Gabriel Pageau.
16:36 of 1st period - Deflect By Tom Wilson.
16:36 of 1st period - Stopped by Ryan Miller with a rebound.
16:44 of 1st period - Tom Wilson is hit by Cam Fowler.
16:50 of 1st period - Icing by Cam Fowler.
16:51 of 1st period - Jean-Gabriel Pageau wins face-off versus Mathieu Perreault in Kings zone.
17:08 of 1st period - Wrist shot by Artem Anisimov.
17:08 of 1st period - Shot Blocked by Rasmus Ristolainen.
18:08 of 1st period - Penalty to Jonathan Ericsson is over, Jonathan Ericsson is back on ice.
18:14 of 1st period - Patrik Laine is hit by Justin Schultz.
19:06 of 1st period - Icing by Cam Fowler.
19:07 of 1st period - Riley Nash wins face-off versus Artem Anisimov in Kings zone.
19:20 of 1st period - Wrist shot by Patrik Laine.
19:20 of 1st period - Shot Misses the Net.
19:31 of 1st period - Icing by Artem Anisimov.
19:32 of 1st period - Artem Anisimov wins face-off versus Riley Nash in Kings zone.
19:40 of 1st period - Off-side.
19:41 of 1st period - Ryan Kesler wins face-off versus David Krejci in neutral zone.
19:58 of 1st period - Wrist shot by David Krejci.
19:58 of 1st period - Shot Misses the Net.
Goals for this period are 0 for Kings vs 0 for Ducks.
Shots for this period are 11 for Kings vs 13 for Ducks.

2nd period


0:01 of 2nd period - David Krejci wins face-off versus Ryan Kesler in neutral zone.
1:08 of 2nd period - Slapshot by Nick Leddy.
1:08 of 2nd period - Shot Misses the Net.
1:16 of 2nd period - Backhand shot by Nick Leddy.
1:16 of 2nd period - Stopped by Ryan Miller without a rebound.
1:17 of 2nd period - Ryan Kesler wins face-off versus Patrik Laine in Kings zone.
1:17 of 2nd period - Ryan Kesler is hit by Rasmus Ristolainen.
1:50 of 2nd period - Wrist shot by Mathieu Perreault.
1:50 of 2nd period - Shot Misses the Net.
2:10 of 2nd period - Ryan Reaves is hit by Craig Smith.
2:20 of 2nd period - Snap shot by Craig Smith.
2:20 of 2nd period - Shot Blocked by Brian Dumoulin.
2:38 of 2nd period - Backhand shot by Oliver Bjorkstrand.
2:38 of 2nd period - Shot Blocked by Cody McLeod.
2:46 of 2nd period - Jack Johnson is hit by Brian Dumoulin.
3:18 of 2nd period - Phillip Danault is hit by Mathieu Perreault.
3:44 of 2nd period - Riley Nash is hit by Nikita Soshnikov and loses puck.
3:51 of 2nd period - Wrist shot by Tom Wilson.
3:51 of 2nd period - Deflect By Cam Fowler.
3:51 of 2nd period - Shot Misses the Net.
3:51 of 2nd period - Puck is out of play.
3:52 of 2nd period - David Krejci wins face-off versus Thomas Vanek in Kings zone.
4:21 of 2nd period - Snap shot by Martin Hanzal.
4:21 of 2nd period - Stopped by Cam Ward without a rebound.
4:22 of 2nd period - Martin Hanzal wins face-off versus Craig Smith in Ducks zone.
4:23 of 2nd period - Wrist shot by Patrick Maroon.
4:23 of 2nd period - Deflect By Oliver Bjorkstrand.
4:23 of 2nd period - Stopped by Cam Ward with a rebound.
5:29 of 2nd period - Michael Del Zotto is hit by Deryk Engelland and loses puck.
5:40 of 2nd period - Snap shot by Alex Ovechkin.
5:40 of 2nd period - Stopped by Cam Ward without a rebound.
5:41 of 2nd period - David Krejci wins face-off versus Artem Anisimov in Ducks zone.
5:41 of 2nd period - David Krejci is hit by Artem Anisimov.
5:57 of 2nd period - Wrist shot by Mathieu Perreault.
5:57 of 2nd period - Shot Misses the Net.
6:09 of 2nd period - Martin Hanzal is hit by Jack Johnson and loses puck.
6:16 of 2nd period - Rasmus Ristolainen is hit by Martin Hanzal.
6:33 of 2nd period - Patrick Maroon is hit by Jonathan Ericsson and loses puck.
6:47 of 2nd period - Snap shot by Oliver Bjorkstrand.
6:47 of 2nd period - Stopped by Cam Ward with a rebound.
6:49 of 2nd period - Slapshot by Martin Hanzal.
6:49 of 2nd period - Stopped by Cam Ward with a rebound.
6:51 of 2nd period - Slapshot by Justin Schultz.
6:51 of 2nd period - Deflect By Martin Hanzal.
6:51 of 2nd period - Stopped by Cam Ward with a rebound.
6:53 of 2nd period - Wrist shot by Martin Hanzal.
6:53 of 2nd period - Shot Blocked by Patrik Laine.
6:55 of 2nd period - Snap shot by Martin Hanzal.
6:55 of 2nd period - Stopped by Cam Ward without a rebound.
6:56 of 2nd period - Jordan Staal wins face-off versus Ryan Kesler in Ducks zone.
7:45 of 2nd period - Snap shot by David Krejci.
7:45 of 2nd period - Shot Misses the Net.
7:47 of 2nd period - Wrist shot by Patrik Laine.
7:47 of 2nd period - Goal by Patrik Laine - Kings : 0 - Ducks : 1.
7:48 of 2nd period - Alex Ovechkin wins face-off versus David Krejci in neutral zone.
8:40 of 2nd period - Slapshot by Nick Leddy.
8:40 of 2nd period - Deflect By Trevor Lewis.
8:40 of 2nd period - Stopped by Ryan Miller without a rebound.
8:41 of 2nd period - Patrick Maroon wins face-off versus Cody McLeod in Kings zone.
8:46 of 2nd period - Snap shot by Martin Hanzal.
8:46 of 2nd period - Shot Misses the Net.
8:59 of 2nd period - Minor Penalty to Patrick Maroon for Roughing.
9:00 of 2nd period - Martin Hanzal wins face-off versus Jordan Staal in Kings zone.
10:13 of 2nd period - Snap shot by Alex Ovechkin.
10:13 of 2nd period - Stopped by Cam Ward with a rebound.
10:59 of 2nd period - Penalty to Patrick Maroon is over, Patrick Maroon is back on ice.
11:07 of 2nd period - Snap shot by Alex Ovechkin.
11:07 of 2nd period - Deflect By Patrick Maroon.
11:07 of 2nd period - Shot Misses the Net.
11:07 of 2nd period - Puck is out of play.
11:08 of 2nd period - Artem Anisimov wins face-off versus Trevor Lewis in Ducks zone.
11:33 of 2nd period - Brian Dumoulin is hit by Tom Wilson and loses puck.
12:26 of 2nd period - Artem Anisimov is hit by Cody McLeod and loses puck.
13:21 of 2nd period - Wrist shot by David Krejci.
13:21 of 2nd period - Stopped by Ryan Miller with a rebound.
13:35 of 2nd period - Snap shot by Ryan Reaves.
13:35 of 2nd period - Goal by Ryan Reaves - Kings : 1 - Ducks : 1.
13:36 of 2nd period - David Krejci wins face-off versus Ryan Kesler in neutral zone.
13:39 of 2nd period - Slapshot by Nick Leddy.
13:39 of 2nd period - Stopped by Ryan Miller without a rebound.
13:40 of 2nd period - David Krejci wins face-off versus Ryan Kesler in Kings zone.
13:43 of 2nd period - Snap shot by Patrik Laine.
13:43 of 2nd period - Stopped by Ryan Miller with a rebound.
14:45 of 2nd period - Off-side.
14:46 of 2nd period - Tommy Wingels wins face-off versus William Karlsson in neutral zone.
15:17 of 2nd period - Snap shot by Mathieu Perreault.
15:17 of 2nd period - Stopped by Cam Ward with a rebound.
15:19 of 2nd period - Slapshot by Artem Anisimov.
15:19 of 2nd period - Stopped by Cam Ward without a rebound.
15:20 of 2nd period - David Krejci wins face-off versus Thomas Vanek in Ducks zone.
15:25 of 2nd period - Snap shot by David Krejci.
15:25 of 2nd period - Shot Blocked by Cam Fowler.
15:47 of 2nd period - Rasmus Ristolainen is hit by Patrick Maroon.
15:57 of 2nd period - Snap shot by Nick Leddy.
15:57 of 2nd period - Stopped by Ryan Miller without a rebound.
15:58 of 2nd period - David Krejci wins face-off versus Ryan Kesler in Kings zone.
16:03 of 2nd period - Slapshot by Patrik Laine.
16:03 of 2nd period - Shot Blocked by Danny DeKeyser.
16:05 of 2nd period - Snap shot by Nick Leddy.
16:05 of 2nd period - Stopped by Ryan Miller with a rebound.
16:07 of 2nd period - Slapshot by Nick Leddy.
16:07 of 2nd period - Shot Blocked by Ryan Kesler.
16:09 of 2nd period - Backhand shot by Deryk Engelland.
16:09 of 2nd period - Shot Misses the Net.
16:11 of 2nd period - Slapshot by Nick Leddy.
16:11 of 2nd period - Deflect By Alex Ovechkin.
16:11 of 2nd period - Stopped by Ryan Miller without a rebound.
16:12 of 2nd period - Jordan Staal wins face-off versus Artem Anisimov in Kings zone.
17:05 of 2nd period - Snap shot by Oliver Bjorkstrand.
17:05 of 2nd period - Stopped by Cam Ward with a rebound.
17:07 of 2nd period - Snap shot by Martin Hanzal.
17:07 of 2nd period - Stopped by Cam Ward without a rebound.
17:08 of 2nd period - Artem Anisimov wins face-off versus Jordan Staal in Ducks zone.
17:26 of 2nd period - Minor Penalty to Deryk Engelland for Roughing.
17:27 of 2nd period - Jean-Gabriel Pageau wins face-off versus Mathieu Perreault in Ducks zone.
18:05 of 2nd period - Tommy Wingels is hit by Alexander Edler and loses puck.
19:26 of 2nd period - Penalty to Deryk Engelland is over, Deryk Engelland is back on ice.
19:30 of 2nd period - Snap shot by Oliver Bjorkstrand.
19:30 of 2nd period - Stopped by Cam Ward with a rebound.
19:32 of 2nd period - Slapshot by Brian Dumoulin.
19:32 of 2nd period - Shot Misses the Net.
19:34 of 2nd period - Slapshot by Michael Del Zotto.
19:34 of 2nd period - Stopped by Cam Ward with a rebound.
19:55 of 2nd period - Milan Lucic is hit by Ryan Reaves and loses puck.
Goals for this period are 1 for Kings vs 1 for Ducks.
Shots for this period are 15 for Kings vs 9 for Ducks.

3rd period


0:01 of 3rd period - Ryan Kesler wins face-off versus David Krejci in neutral zone.
0:09 of 3rd period - Off-side.
0:10 of 3rd period - David Krejci wins face-off versus Ryan Kesler in neutral zone.
0:58 of 3rd period - Off-side.
0:59 of 3rd period - Artem Anisimov wins face-off versus Jordan Staal in neutral zone.
1:14 of 3rd period - Wrist shot by Jordan Staal.
1:14 of 3rd period - Shot Blocked by Michael Del Zotto.
1:26 of 3rd period - Nick Leddy is hit by Danny DeKeyser and loses puck.
2:20 of 3rd period - Alexander Edler is hit by David Krejci.
2:35 of 3rd period - Icing by Jack Johnson.
2:36 of 3rd period - Martin Hanzal wins face-off versus Riley Nash in Ducks zone.
2:40 of 3rd period - Icing by Tom Wilson.
2:41 of 3rd period - Martin Hanzal wins face-off versus Riley Nash in Ducks zone.
2:42 of 3rd period - Snap shot by Oliver Bjorkstrand.
2:42 of 3rd period - Deflect By Martin Hanzal.
2:42 of 3rd period - Shot Misses the Net.
2:42 of 3rd period - Puck is out of play.
2:43 of 3rd period - David Krejci wins face-off versus Ryan Kesler in Ducks zone.
2:43 of 3rd period - David Krejci is hit by Alexander Edler.
3:33 of 3rd period - Slapshot by Rasmus Ristolainen.
3:33 of 3rd period - Shot Blocked by Danny DeKeyser.
3:46 of 3rd period - Rasmus Ristolainen is hit by Nikita Soshnikov and loses puck.
4:49 of 3rd period - Slapshot by Phillip Danault.
4:49 of 3rd period - Stopped by Ryan Miller with a rebound.
5:24 of 3rd period - Icing by Cam Fowler.
5:25 of 3rd period - Ryan Kesler wins face-off versus David Krejci in Kings zone.
6:15 of 3rd period - Backhand shot by Patrik Laine.
6:15 of 3rd period - Stopped by Ryan Miller with a rebound.
6:58 of 3rd period - Snap shot by Alex Ovechkin.
6:58 of 3rd period - Stopped by Cam Ward without a rebound.
6:59 of 3rd period - Phillip Danault wins face-off versus Mathieu Perreault in Ducks zone.
7:04 of 3rd period - Slapshot by Rasmus Ristolainen.
7:04 of 3rd period - Deflect By Jean-Gabriel Pageau.
7:04 of 3rd period - Shot Misses the Net.
7:04 of 3rd period - Puck is out of play.
7:05 of 3rd period - Jordan Staal wins face-off versus Artem Anisimov in Kings zone.
7:41 of 3rd period - Snap shot by Craig Smith.
7:41 of 3rd period - Stopped by Ryan Miller with a rebound.
7:43 of 3rd period - Slapshot by Rasmus Ristolainen.
7:43 of 3rd period - Shot Misses the Net.
7:45 of 3rd period - Slapshot by Jack Johnson.
7:45 of 3rd period - Shot Blocked by Cam Fowler.
7:55 of 3rd period - Snap shot by Trevor Lewis.
7:55 of 3rd period - Stopped by Ryan Miller with a rebound.
7:57 of 3rd period - Wrist shot by Trevor Lewis.
7:57 of 3rd period - Deflect By Tommy Wingels.
7:57 of 3rd period - Stopped by Ryan Miller with a rebound.
7:59 of 3rd period - Wrist shot by Trevor Lewis.
7:59 of 3rd period - Shot Misses the Net.
8:01 of 3rd period - Slapshot by Cody McLeod.
8:01 of 3rd period - Deflect By Trevor Lewis.
8:01 of 3rd period - Shot Misses the Net.
8:01 of 3rd period - Puck is out of play.
8:02 of 3rd period - Trevor Lewis wins face-off versus Artem Anisimov in Kings zone.
9:13 of 3rd period - Rasmus Ristolainen is hit by Justin Schultz.
9:45 of 3rd period - Slapshot by Rasmus Ristolainen.
9:45 of 3rd period - Stopped by Ryan Miller with a rebound.
9:47 of 3rd period - Slapshot by Rasmus Ristolainen.
9:47 of 3rd period - Stopped by Ryan Miller without a rebound.
9:48 of 3rd period - David Krejci wins face-off versus Ryan Kesler in Kings zone.
9:49 of 3rd period - Snap shot by Patrik Laine.
9:49 of 3rd period - Stopped by Ryan Miller with a rebound.
9:51 of 3rd period - Wrist shot by David Krejci.
9:51 of 3rd period - Shot Misses the Net.
9:53 of 3rd period - Wrist shot by Nick Leddy.
9:53 of 3rd period - Stopped by Ryan Miller without a rebound.
9:54 of 3rd period - David Krejci wins face-off versus Ryan Kesler in Kings zone.
10:10 of 3rd period - Cam Fowler is hit by Deryk Engelland and loses puck.
10:30 of 3rd period - Off-side.
10:31 of 3rd period - Martin Hanzal wins face-off versus David Krejci in neutral zone.
11:03 of 3rd period - Off-side.
11:04 of 3rd period - Jordan Staal wins face-off versus Ryan Kesler in neutral zone.
11:13 of 3rd period - Alexander Edler is hit by Connor Carrick and loses puck.
11:24 of 3rd period - Wrist shot by Jordan Staal.
11:24 of 3rd period - Shot Misses the Net.
11:32 of 3rd period - Phillip Danault is hit by Thomas Vanek.
11:40 of 3rd period - Ryan Kesler is hit by Jean-Gabriel Pageau and loses puck.
11:47 of 3rd period - Connor Carrick is hit by Thomas Vanek and loses puck.
11:56 of 3rd period - Snap shot by Thomas Vanek.
11:56 of 3rd period - Deflect By Connor Carrick.
11:56 of 3rd period - Shot Misses the Net.
11:56 of 3rd period - Puck is out of play.
11:57 of 3rd period - David Krejci wins face-off versus Artem Anisimov in Ducks zone.
11:57 of 3rd period - David Krejci is hit by Danny DeKeyser.
12:13 of 3rd period - Snap shot by Artem Anisimov.
12:13 of 3rd period - Shot Misses the Net.
12:23 of 3rd period - Craig Smith is hit by Martin Hanzal and loses puck.
12:56 of 3rd period - Wrist shot by Tommy Wingels.
12:56 of 3rd period - Shot Blocked by Nikita Soshnikov.
13:10 of 3rd period - Snap shot by Patrik Laine.
13:10 of 3rd period - Stopped by Ryan Miller without a rebound.
13:11 of 3rd period - Artem Anisimov wins face-off versus David Krejci in Kings zone.
14:01 of 3rd period - Nick Leddy is hit by Cam Fowler and loses puck.
14:15 of 3rd period - Minor Penalty to Danny DeKeyser for Tripping.
14:16 of 3rd period - Jordan Staal wins face-off versus Martin Hanzal in Kings zone.
14:20 of 3rd period - Wrist shot by Patrik Laine.
14:20 of 3rd period - Shot Misses the Net.
14:22 of 3rd period - Wrist shot by Jordan Staal.
14:22 of 3rd period - Shot Misses the Net.
14:24 of 3rd period - Snap shot by Milan Lucic.
14:24 of 3rd period - Stopped by Ryan Miller with a rebound.
14:26 of 3rd period - Wrist shot by Patrik Laine.
14:26 of 3rd period - Stopped by Ryan Miller without a rebound.
14:27 of 3rd period - Jordan Staal wins face-off versus Martin Hanzal in Kings zone.
14:40 of 3rd period - Martin Hanzal is hit by Jack Johnson and loses puck.
14:51 of 3rd period - Jordan Staal is hit by Nikita Soshnikov and loses puck.
14:59 of 3rd period - Off-side.
15:00 of 3rd period - William Karlsson wins face-off versus Tom Wilson in neutral zone.
16:15 of 3rd period - Penalty to Danny DeKeyser is over, Danny DeKeyser is back on ice.
16:18 of 3rd period - William Karlsson is hit by Milan Lucic and loses puck.
16:37 of 3rd period - Snap shot by Ryan Kesler.
16:37 of 3rd period - Stopped by Cam Ward without a rebound.
16:38 of 3rd period - Jordan Staal wins face-off versus Ryan Kesler in Ducks zone.
17:20 of 3rd period - Jean-Gabriel Pageau is hit by Martin Hanzal and loses puck.
17:31 of 3rd period - Icing by Alexander Edler.
17:32 of 3rd period - David Krejci wins face-off versus Ryan Kesler in Kings zone.
17:37 of 3rd period - Wrist shot by Milan Lucic.
17:37 of 3rd period - Stopped by Ryan Miller with a rebound.
18:24 of 3rd period - Wrist shot by Jordan Staal.
18:24 of 3rd period - Shot Hit the Post.
18:26 of 3rd period - Slapshot by Jack Johnson.
18:26 of 3rd period - Stopped by Ryan Miller without a rebound.
18:27 of 3rd period - Jordan Staal wins face-off versus Ryan Kesler in Kings zone.
19:39 of 3rd period - David Krejci is hit by Mathieu Perreault and loses puck.
Goals for this period are 0 for Kings vs 0 for Ducks.
Shots for this period are 2 for Kings vs 14 for Ducks.

Overtime #1


0:01 of 1st overtime period - Jordan Staal wins face-off versus Ryan Kesler in neutral zone.
0:08 of 1st overtime period - Wrist shot by Jordan Staal.
0:08 of 1st overtime period - Goal by Jordan Staal - Kings : 1 - Ducks : 2.
Goals for this period are 0 for Kings vs 1 for Ducks.
Shots for this period are 0 for Kings vs 1 for Ducks.